 Dungeon Crawl Stone Soup version 0.21-a0-513-gdcb3f5e (webtiles) character file.

169 mortelune the Conjurer (level 5, 0/42 HPs)
             Began as a Draconian Conjurer on Dec 2, 2017.
             Killed from afar by an orc wizard (9 damage)
             ... with a magic dart
             ... on level 3 of the Dungeon.
             The game lasted 00:09:35 (3348 turns).

mortelune the Conjurer (Draconian Conjurer)         Turns: 3348, Time: 00:09:36

Health: 0/42       AC:  5    Str: 10    XL:     5   Next: 25%
Magic:  4/9        EV: 12    Int: 16    God:
Gold:   168        SH:  0    Dex: 12    Spells: 6/10 levels left

rFire    . . .     SeeInvis .   s - +1 hand axe (elec)
rCold    . . .     Gourm    .   (no shield)
rNeg     . . .     Faith    .   (armour unavailable)
rPois    .         Spirit   .   (helmet restricted)
rElec    .         Reflect  .   (no cloak)
rCorr    .         Harm     .   (no gloves)
MR       .....                  (no boots)
Stlth    ++........             (no amulet)
HPRegen  0.14/turn              (no ring)
MPRegen  0.11/turn              (no ring)

@: hasted, very quick
A: unfitting armour, cold-blooded, AC +5
a: no special abilities


You were on level 3 of the Dungeon.
You were not hungry.

You visited 1 branch of the dungeon, and saw 3 of its levels.

You collected 168 gold pieces.

Inventory:

Hand Weapons
 c - a +0 club
 s - a +1 hand axe of electrocution (weapon)
Scrolls
 d - 2 scrolls of blinking
 g - a scroll of noise {unknown}
 j - a scroll of enchant armour {unknown}
 m - 2 scrolls of remove curse {unknown}
 p - 2 scrolls of teleportation {unknown}
 r - 3 scrolls of immolation
 t - a scroll of fear {unknown}
 u - 2 scrolls of amnesia
Potions
 e - 2 potions of curing
 f - a potion of might {unknown}
 h - a potion of brilliance {unknown}
 k - a potion of haste
 l - a potion of degeneration {unknown}
 o - a potion of invisibility {unknown}
 q - a potion of lignification {unknown}
 v - a potion of resistance {unknown}
Books
 a - a book of Conjurations

   Spells                             Type                      Level
   a - Magic Dart                     Conjuration                  1
   b - Searing Ray                    Conjuration                  2
   c - Dazzling Spray                 Conjuration/Hexes            3
   d - Fulminant Prism                Conjuration/Hexes            4
   e - Force Lance                    Conjuration/Translocation    4
   f - Iskenderun's Mystic Blast      Conjuration                  4
Comestibles
 b - 4 bread rations
 i - a meat ration


   Skills:
 + Level 2.5 Fighting
 + Level 1.3 Axes
 - Level 1.7 Dodging
 - Level 1.7 Stealth
 + Level 3.1 Spellcasting
 * Level 5.0 Conjurations


You had 6 spell levels left.
You knew the following spells:

 Your Spells              Type           Power        Failure   Level  Hunger
a - Magic Dart            Conj           ###.         2%          1    None
b - Dazzling Spray        Conj/Hex       ##....       19%         3    ###....


Dungeon Overview and Level Annotations

Branches:
Dungeon (3/15)

Altars:
Hepliaklqana


Innate Abilities, Weirdness & Mutations

Your plain brown scales are hard. (AC +5)
You cannot fit into any form of body armour.
You are cold-blooded and may be slowed by cold attacks.


Message History

You barely miss something.
You hear some strange, mumbled words.
A magic dart appears from out of thin air!
The magic dart hits you! Something completely misses you.
An orc comes into view. It is wielding a trident.
You hear some strange, mumbled words.
An orc comes into view. It is wielding a flail.
The orc shouts!
The orc shouts!
Something hits you but does no damage.
A magic dart appears from out of thin air!
The magic dart hits you!
* * * LOW HITPOINT WARNING * * *
A puff of frost appears from out of thin air!
The puff of frost hits you!
* * * LOW HITPOINT WARNING * * *
You feel yourself speed up.
A magic dart appears from out of thin air!
The magic dart hits you!
You die...

# #..............##..#.###.#
####........[..##.##.##.#...#
..............###....##.#.######
####.....###### ###...#........#
..##.....# #.#)......####
#.##.....# #.#....####
#.#......# #.#.)..## #........#
####..o.o..#
##..############@..{o##.)....#
.....####........#..##....##.#
#.##......######.#.###.##.# #
#.###.#.(.[........##.. #.#
#.###.#######.........# #.#
#.....# ##...######### #..
...#######..### ##>## ...
....#........## 8...8#
###...........# ....#


You could see 3 orcs.

Vanquished Creatures
  4 gnolls (D:2)
  3 adders
  An ooze (D:3)
  An adder skeleton (D:2)
  2 worms (D:2)
  2 dart slugs (D:1)
  4 leopard geckos
  4 orcs (D:3)
  6 giant cockroaches
  7 goblins
  5 hobgoblins
  5 jackals
  A quokka (D:3)
  9 bats
  8 frilled lizards
  8 kobolds
  10 rats
80 creatures vanquished.

Notes
Turn   | Place    | Note
-------+----------+-------------------------------------------
     0 | D:1      | mortelune the Draconian Conjurer began the quest for the Orb.
     0 | D:1      | Reached XP level 1. HP: 14/14 MP: 3/3
   319 | D:1      | Reached skill level 1 in Fighting
   319 | D:1      | Reached XP level 2. HP: 19/23 MP: 0/5
  1209 | D:2      | Reached XP level 3. HP: 28/28 MP: 4/6
  1857 | D:2      | Reached XP level 4. HP: 26/36 MP: 2/8
  2285 | D:2      | Learned a level 3 spell: Dazzling Spray
  2365 | D:2      | Reached skill level 1 in Axes
  2807 | D:3      | Reached skill level 5 in Conjurations
  2807 | D:3      | Reached XP level 5. HP: 42/42 MP: 0/9
  2998 | D:3      | Found a faded altar of an unknown god.
  3157 | D:3      | Found a hazy altar of Hepliaklqana.
  3348 | D:3      | Killed from afar by an orc wizard

Vault maps used:
D:1:      tarquinn_simple_flora_water_e
D:2:      first_bread, minmay_misc_feat_more_columns, minmay_tromino_v7
D:3:      nicolae_overflow_hidden_temple, chequers_ecumenical_altar_simple_redux

Skill      XL: |  1  2  3  4 |
---------------+-------------+-----
Fighting       | 1 2 |  2.5
Spellcasting   | 3 |  3.1
Axes           | 1 |  1.3
Conjurations   | 5 |  5.0
Dodging        | |  1.7
Stealth        | |  1.7

Action                   |  1- 3 |  4- 6 || total
-------------------------+-------+-------++-------
Melee: Club              |    25 |       ||    25
       Unarmed           |     4 |       ||     4
       Tailslap          |     2 |     4 ||     6
       Hand axe          |    12 |    41 ||    53
 Cast: Magic Dart        |    79 |    77 ||   156
       Dazzling Spray    |       |     5 ||     5
  Use: Scroll            |     1 |     4 ||     5
       Potion            |       |     1 ||     1
 Stab: Sleeping          |     1 |       ||     1
       Invisible         |       |     3 ||     3
  Eat: Chunk             |     4 |     5 ||     9
Armor: Skin              |    31 |    19 ||    50
Dodge: Dodged            |    52 |    37 ||    89

Table legend:
 A = Spawn XP
 B = Non-spawn XP
 C = Spawn XP percentage of total XP
 D = Spawn monster count
 E = Non-spawn monster count
 F = Spawn count percentage of total count
 G = Total turns spent on level
                    A         B        C        D         E        F      G
               +---------+---------+-------+---------+---------+-------+---------
         Total |       0 |     242 |   0.0 |       0 |      80 |   0.0 |  3348
               +---------+---------+-------+---------+---------+-------+---------
           D:1 |       0 |      31 |   0.0 |       0 |      18 |   0.0 |   987
           D:2 |       0 |     147 |   0.0 |       0 |      38 |   0.0 |  1624
           D:3 |       0 |      64 |   0.0 |       0 |      24 |   0.0 |   737
               +---------+---------+-------+---------+---------+-------+---------
